TOP OF THE 1ST |
Atlanta (MID) Braves batting - Pitching for Augusta GreenJackets : RHP Josh Harriston
|
Pitching: RHP Josh Harriston
|
|
Batting: SHB Brandon McClain
|
0-0: Called Strike 0-1: Swinging Strike 0-2: Ball 1-2: Ball 2-2: Strikes out looking
|
Batting: RHB Andy Cunningham
|
0-0: Called Strike 0-1: Foul Ball, location: 2F 0-2: Ball 1-2: Strikes out swinging
|
Batting: RHB Xavier Davis
|
0-0: Ball 1-0: Called Strike 1-1: Foul Ball, location: 2F 1-2: Ball 2-2: Fly out, F8 (Line Drive, 8LM, EV 90.6 MPH)
|
Top of the 1st over - 0 runs, 0 hits, 0 errors, 0 left on base; Atlanta (MID) 0 - Augusta 0 |
BOTTOM OF THE 1ST |
Augusta GreenJackets batting - Pitching for Atlanta (MID) Braves : RHP Ricky Rivera
|
Pitching: RHP Ricky Rivera
|
|
Batting: RHB Danny Gallo
|
0-0: Called Strike 0-1: Fly out, F3 (Popup, 3F, EV 71.9 MPH)
|
Batting: LHB Carey Horncole
|
0-0: Reached on error, E3 (Groundball, 34, EV 104.4 MPH)
|
Batting: RHB Chris King
|
0-0: Foul Ball, location: 2F 0-1: Ball 1-1: Swinging Strike 1-2: Ball 2-2: Foul Ball, location: 2F 2-2: Foul Ball, location: 2F 2-2: Foul Ball, location: 2F 2-2: Foul Ball, location: 2F 2-2: Ball 3-2: Base on Balls
|
Batting: LHB Gabe Velez
|
0-0: Ball Carey Horncole steals 3rd base 1-0: Ball 2-0: Called Strike 2-1: Fly out, F8 (Flyball, 8RM, EV 90.6 MPH) Runner from 3rd tags up, SCORES, no throw by CF
|
Batting: RHB Doug Kennie
|
0-0: Ball 1-0: Foul Ball, location: 2F 1-1: Ground out 4-3 (Groundball, 4, EV 85.0 MPH)
|
Bottom of the 1st over - 1 run, 0 hits, 1 error, 1 left on base; Atlanta (MID) 0 - Augusta 1 |
TOP OF THE 2ND |
Atlanta (MID) Braves batting - Pitching for Augusta GreenJackets : RHP Josh Harriston
|
Batting: LHB Travis Lazaro
|
0-0: Ball 1-0: Ball 2-0: Ball 3-0: Called Strike 3-1: Foul Ball, location: 2F 3-2: Ground out U3 (Groundball, 34, EV 88.8 MPH)
|
Batting: RHB Corey Dalton
|
0-0: Fly out, F8 (Line Drive, 8LM, EV 90.0 MPH)
|
Batting: LHB Mark Thomas
|
0-0: Foul Ball, location: 2F 0-1: Foul Ball, location: 2F 0-2: Ball 1-2: Ball 2-2: DOUBLE (Groundball, 3L, EV 106.9 MPH)
|
Batting: LHB Tommy Williams
|
0-0: Called Strike 0-1: Ball 1-1: Swinging Strike 1-2: Ball 2-2: Foul Ball, location: 2F 2-2: Strikes out looking
|
Top of the 2nd over - 0 runs, 1 hit, 0 errors, 1 left on base; Atlanta (MID) 0 - Augusta 1 |
BOTTOM OF THE 2ND |
Augusta GreenJackets batting - Pitching for Atlanta (MID) Braves : RHP Ricky Rivera
|
Batting: LHB Terry Ebersole
|
0-0: Ball 1-0: Ball 2-0: Ball 3-0: Base on Balls
|
Batting: RHB Devin Lowery
|
0-0: Called Strike 0-1: Swinging Strike 0-2: Strikes out swinging
|
Batting: LHB Pong-keun Koh
|
0-0: Ball 1-0: Fielders Choice at 2nd, 6-4 (Groundball, 6, EV 108.8 MPH)
|
Batting: RHB Alfredo Lemus
|
0-0: Ball 1-0: Called Strike 1-1: Foul Ball, location: 2F 1-2: Foul Ball, location: 2F 1-2: Ball 2-2: Strikes out swinging
|
Bottom of the 2nd over - 0 runs, 0 hits, 0 errors, 1 left on base; Atlanta (MID) 0 - Augusta 1 |
TOP OF THE 3RD |
Atlanta (MID) Braves batting - Pitching for Augusta GreenJackets : RHP Josh Harriston
|
Batting: RHB Mike Shook
|
0-0: Called Strike 0-1: Foul Ball, location: 2F 0-2: Ball 1-2: Strikes out looking
|
Batting: RHB David Zelaya
|
0-0: Ball 1-0: DOUBLE (Flyball, 8LD, EV 86.9 MPH)
|
Batting: SHB Brandon McClain
|
0-0: Ball 1-0: Fly out, F7 (Line Drive, 7D, EV 93.1 MPH)
|
Batting: RHB Andy Cunningham
|
0-0: Ball 1-0: Ground out U3 (Groundball, 34S, EV 77.5 MPH)
|
Top of the 3rd over - 0 runs, 1 hit, 0 errors, 1 left on base; Atlanta (MID) 0 - Augusta 1 |
BOTTOM OF THE 3RD |
Augusta GreenJackets batting - Pitching for Atlanta (MID) Braves : RHP Ricky Rivera
|
Batting: RHB Danny Gallo
|
0-0: Called Strike 0-1: Foul Ball, location: 2F 0-2: Ball 1-2: Ball 2-2: Strikes out looking
|
Batting: LHB Carey Horncole
|
0-0: Called Strike 0-1: Ball 1-1: Foul Ball, location: 2F 1-2: Strikes out swinging
|
Batting: RHB Chris King
|
0-0: Ball 1-0: Fly out, F7 (Line Drive, 7, EV 101.9 MPH)
|
Bottom of the 3rd over - 0 runs, 0 hits, 0 errors, 0 left on base; Atlanta (MID) 0 - Augusta 1 |
TOP OF THE 4TH |
Atlanta (MID) Braves batting - Pitching for Augusta GreenJackets : RHP Josh Harriston
|
Batting: RHB Xavier Davis
|
0-0: Foul Ball, location: 2F 0-1: Ball 1-1: Foul Ball, location: 2F 1-2: Ball 2-2: Foul Ball, location: 2F 2-2: Ground out 6-3 (Groundball, 6, EV 92.5 MPH)
|
Batting: LHB Travis Lazaro
|
0-0: Ball 1-0: Foul Ball, location: 2F 1-1: Called Strike 1-2: Ball 2-2: Foul Ball, location: 2F 2-2: Fly out, F7 (Flyball, 7D, EV 110.0 MPH)
|
Batting: RHB Corey Dalton
|
0-0: Ball 1-0: Foul Ball, location: 2F 1-1: Foul Ball, location: 2F 1-2: Ball 2-2: Ball 3-2: Ground out 4-3 (Groundball, 34D, EV 103.1 MPH)
|
Top of the 4th over - 0 runs, 0 hits, 0 errors, 0 left on base; Atlanta (MID) 0 - Augusta 1 |
BOTTOM OF THE 4TH |
Augusta GreenJackets batting - Pitching for Atlanta (MID) Braves : RHP Ricky Rivera
|
Batting: LHB Gabe Velez
|
0-0: Ball 1-0: Foul Ball, location: 2F 1-1: Ball 2-1: Swinging Strike 2-2: Strikes out looking
|
Batting: RHB Doug Kennie
|
0-0: Ball 1-0: Swinging Strike 1-1: Ball 2-1: Called Strike 2-2: Strikes out swinging
|
Batting: LHB Terry Ebersole
|
0-0: Called Strike 0-1: Foul Ball, location: 2F 0-2: Ball 1-2: Foul Ball, location: 2F 1-2: SINGLE (Line Drive, 78S, EV 94.4 MPH)
|
Batting: RHB Devin Lowery
|
0-0: Ball 1-0: Swinging Strike 1-1: Ball 2-1: Ball 3-1: Foul Ball, location: 2F 3-2: Base on Balls Terry Ebersole to second
|
Batting: LHB Pong-keun Koh
|
0-0: Ball 1-0: Ball 2-0: Fielders Choice at 2nd, 6-4 (Groundball, 6D, EV 85.6 MPH)
|
Bottom of the 4th over - 0 runs, 1 hit, 0 errors, 2 left on base; Atlanta (MID) 0 - Augusta 1 |
TOP OF THE 5TH |
Atlanta (MID) Braves batting - Pitching for Augusta GreenJackets : RHP Josh Harriston
|
Batting: LHB Mark Thomas
|
0-0: Called Strike 0-1: Ball 1-1: Called Strike 1-2: Ball 2-2: Ground out U3 (Groundball, 34, EV 106.9 MPH)
|
Batting: LHB Tommy Williams
|
0-0: Foul Ball, location: 2F 0-1: Ball 1-1: Called Strike 1-2: SINGLE (Flyball, 3D, EV 96.9 MPH)
|
Batting: RHB Mike Shook
|
0-0: Called Strike 0-1: Foul Ball, location: 2F 0-2: Ball 1-2: Ball 2-2: Ball 3-2: Strikes out swinging Tommy Williams steals 2nd base Batter strikes out.
|
Batting: RHB David Zelaya
|
0-0: Ball 1-0: Swinging Strike 1-1: Ball 2-1: Ball 3-1: Called Strike 3-2: Foul Ball, location: 2F 3-2: Fly out, F3 (Line Drive, 3, EV 75.6 MPH)
|
Top of the 5th over - 0 runs, 1 hit, 0 errors, 1 left on base; Atlanta (MID) 0 - Augusta 1 |
BOTTOM OF THE 5TH |
Augusta GreenJackets batting - Pitching for Atlanta (MID) Braves : RHP Ricky Rivera
|
Batting: RHB Alfredo Lemus
|
0-0: Ball 1-0: Swinging Strike 1-1: Ground out 6-3 (Groundball, 6S, EV 85.0 MPH)
|
Batting: RHB Danny Gallo
|
0-0: Called Strike 0-1: Ball 1-1: Fly out, F4 (Flyball, 34D, EV 77.5 MPH)
|
Batting: LHB Carey Horncole
|
0-0: Ball 1-0: Ball 2-0: Ball 3-0: Called Strike 3-1: Base on Balls
|
Batting: RHB Chris King
|
0-0: Called Strike 0-1: SINGLE (Groundball, 6MD, EV 104.4 MPH) Carey Horncole to second
|
Batting: LHB Gabe Velez
|
0-0: Foul Ball, location: 2F 0-1: Swinging Strike 0-2: Foul Ball, location: 2F 0-2: Foul Ball, location: 2F 0-2: Fielders Choice at 2nd, 5-4 (Groundball, 5, EV 86.9 MPH)
|
Bottom of the 5th over - 0 runs, 1 hit, 0 errors, 2 left on base; Atlanta (MID) 0 - Augusta 1 |
TOP OF THE 6TH |
Atlanta (MID) Braves batting - Pitching for Augusta GreenJackets : RHP Josh Harriston
|
Batting: SHB Brandon McClain
|
0-0: Foul Ball, location: 2F 0-1: Swinging Strike 0-2: Foul Ball, location: 2F 0-2: Ball 1-2: Ball 2-2: Foul Ball, location: 2F 2-2: Ground out 3-1 (Groundball, 34S, EV 65.0 MPH)
|
Batting: RHB Andy Cunningham
|
0-0: Called Strike 0-1: Foul Ball, location: 2F 0-2: Ball 1-2: DOUBLE (Groundball, 3L, EV 97.5 MPH)
|
Batting: RHB Xavier Davis
|
0-0: Ball Andy Cunningham steals 3rd base 1-0: Ball 2-0: Called Strike 2-1: Ball 3-1: Base on Balls
|
Pitching: RHP Mike Richards
|
|
Batting: LHB Travis Lazaro
|
0-0: Ball Xavier Davis steals 2nd base 1-0: Called Strike 1-1: Ball 2-1: Ball 3-1: Swinging Strike 3-2: Strikes out swinging
|
Batting: RHB Corey Dalton
|
0-0: Ball 1-0: Swinging Strike 1-1: Foul Ball, location: 2F 1-2: Fly out, F8 (Flyball, 8RXD, EV 101.9 MPH)
|
Top of the 6th over - 0 runs, 1 hit, 0 errors, 2 left on base; Atlanta (MID) 0 - Augusta 1 |
BOTTOM OF THE 6TH |
Augusta GreenJackets batting - Pitching for Atlanta (MID) Braves : RHP Ricky Rivera
|
Batting: RHB Doug Kennie
|
0-0: Swinging Strike 0-1: Ball 1-1: Swinging Strike 1-2: Ground out 6-3 (Groundball, 6, EV 84.4 MPH)
|
Batting: LHB Terry Ebersole
|
0-0: Called Strike 0-1: Ball 1-1: Foul Ball, location: 2F 1-2: DOUBLE (Line Drive, 7LD, EV 106.3 MPH)
|
Batting: RHB Devin Lowery
|
0-0: Ball 1-0: Ball 2-0: Called Strike 2-1: Called Strike 2-2: Strikes out swinging
|
Batting: LHB Pong-keun Koh
|
0-0: Intentional Walk
|
Batting: RHB Alfredo Lemus
|
0-0: Called Strike 0-1: SINGLE (Line Drive, 78S, EV 93.8 MPH) Terry Ebersole to third Pong-keun Koh to second Throwing error, E8 Terry Ebersole scores Pong-keun Koh to third Alfredo Lemus to second
|
Batting: RHB Danny Gallo
|
0-0: Ball 1-0: Ball 2-0: Ball 3-0: Called Strike 3-1: Ground out 6-3 (Groundball, 56, EV 95.6 MPH)
|
Bottom of the 6th over - 1 run, 2 hits, 1 error, 2 left on base; Atlanta (MID) 0 - Augusta 2 |
TOP OF THE 7TH |
Atlanta (MID) Braves batting - Pitching for Augusta GreenJackets : RHP Mike Richards
|
Pitching: LHP Tommy McCusker
|
|
Batting: LHB Mark Thomas
|
0-0: Ball 1-0: Swinging Strike 1-1: Ball 2-1: Ball 3-1: Called Strike 3-2: Strikes out swinging
|
Batting: LHB Tommy Williams
|
0-0: Called Strike 0-1: Swinging Strike 0-2: Strikes out swinging
|
Batting: RHB Mike Shook
|
0-0: Ball 1-0: Swinging Strike 1-1: Ball 2-1: Ball 3-1: Foul Ball, location: 2F 3-2: Fly out, F9 (Flyball, 9S, EV 82.5 MPH)
|
Top of the 7th over - 0 runs, 0 hits, 0 errors, 0 left on base; Atlanta (MID) 0 - Augusta 2 |
BOTTOM OF THE 7TH |
Augusta GreenJackets batting - Pitching for Atlanta (MID) Braves : RHP Ricky Rivera
|
Pitching: RHP Jae-young Jhang
|
|
Batting: LHB Carey Horncole
|
0-0: Ball 1-0: Swinging Strike 1-1: Called Strike 1-2: DOUBLE (Groundball, 3L, EV 106.9 MPH)
|
Batting: RHB Chris King
|
0-0: Foul Ball, location: 2F 0-1: SINGLE (Line Drive, 8RS, EV 105.0 MPH) Carey Horncole to third Runner from 3rd tries for Home, SAFE, throw by CF to home
|
Batting: LHB Gabe Velez
|
0-0: Foul Ball, location: 2F 0-1: Ball 1-1: Foul Ball, location: 2F 1-2: Foul Ball, location: 2F 1-2: Fly out, F7 (Flyball, 7D, EV 90.0 MPH)
|
Batting: RHB Doug Kennie
|
0-0: Called Strike 0-1: Swinging Strike 0-2: Foul Ball, location: 2F 0-2: Strikes out looking
|
Batting: LHB Terry Ebersole
|
0-0: Ball 1-0: Ground out 4-3 (Groundball, 34, EV 107.5 MPH)
|
Bottom of the 7th over - 1 run, 2 hits, 0 errors, 1 left on base; Atlanta (MID) 0 - Augusta 3 |
TOP OF THE 8TH |
Atlanta (MID) Braves batting - Pitching for Augusta GreenJackets : LHP Tommy McCusker
|
Pitching: RHP Juan Flores
|
|
Batting: RHB David Zelaya
|
0-0: Called Strike 0-1: Foul Ball, location: 2F 0-2: Ball 1-2: Ball 2-2: Foul Ball, location: 2F 2-2: Foul Ball, location: 2F 2-2: Ball 3-2: SINGLE (Groundball, 56D, EV 98.1 MPH)
|
Batting: SHB Brandon McClain
|
0-0: Called Strike 0-1: Ball 1-1: Foul Ball, location: 2F 1-2: Fly out, F1 (Line Drive, P, EV 70.0 MPH)
|
Pinch Hitting: LHB Kevin Kantor
|
0-0: Called Strike 0-1: Ball 1-1: Called Strike 1-2: Ball 2-2: Ball 3-2: Strikes out swinging
|
Batting: RHB Xavier Davis
|
0-0: Ball 1-0: SINGLE (Groundball, 56D, EV 94.4 MPH) David Zelaya to second
|
Batting: LHB Travis Lazaro
|
0-0: Ball 1-0: Ball 2-0: Called Strike 2-1: Foul Ball, location: 2F 2-2: Ground out 1-3 (Groundball, 25, EV 76.9 MPH)
|
Top of the 8th over - 0 runs, 2 hits, 0 errors, 2 left on base; Atlanta (MID) 0 - Augusta 3 |
BOTTOM OF THE 8TH |
Augusta GreenJackets batting - Pitching for Atlanta (MID) Braves : RHP Jae-young Jhang
|
Now in CF: Richello Badua
|
|
Now in RF: Mark Thomas
|
|
Batting: RHB Devin Lowery
|
0-0: Foul Ball, location: 2F 0-1: DOUBLE (Line Drive, 9LD, EV 98.1 MPH)
|
Batting: LHB Pong-keun Koh
|
0-0: Intentional Walk
|
Batting: RHB Alfredo Lemus
|
0-0: Ground out U3 (Groundball, 3S, EV 61.3 MPH) Devin Lowery to third Pong-keun Koh to second
|
Batting: RHB Danny Gallo
|
0-0: Called Strike 0-1: Ball 1-1: Ball 2-1: Ball 3-1: Called Strike 3-2: Base on Balls
|
Batting: LHB Carey Horncole
|
0-0: Called Strike 0-1: Called Strike 0-2: Fly out, F8 (Flyball, 8RXD, EV 80.6 MPH) Runner from 3rd tags up, SCORES, no throw by CF Pong-keun Koh to third
|
Batting: RHB Chris King
|
0-0: Ball 1-0: Ball 2-0: Foul Ball, location: 2F 2-1: Ball 3-1: SINGLE (Line Drive, 3D, EV 99.4 MPH) Pong-keun Koh scores Danny Gallo to second Runner from 2nd tries for 3rd, OUT! 9-5
|
Bottom of the 8th over - 2 runs, 2 hits, 0 errors, 1 left on base; Atlanta (MID) 0 - Augusta 5 |
TOP OF THE 9TH |
Atlanta (MID) Braves batting - Pitching for Augusta GreenJackets : RHP Juan Flores
|
Batting: RHB Corey Dalton
|
0-0: Called Strike 0-1: Ball 1-1: Ball 2-1: Foul Ball, location: 2F 2-2: Ball 3-2: Foul Ball, location: 2F 3-2: SINGLE (Groundball, 4MD, EV 100.0 MPH)
|
Batting: LHB Mark Thomas
|
0-0: Foul Ball, location: 2F 0-1: Called Strike 0-2: Ball 1-2: Foul Ball, location: 2F 1-2: Fielders Choice at 2nd, 6-4 (Groundball, 6, EV 89.4 MPH)
|
Batting: LHB Tommy Williams
|
0-0: Called Strike 0-1: Fielders Choice at 2nd, 1-4 (Groundball, 15S, EV 72.5 MPH)
|
Batting: RHB Mike Shook
|
0-0: Ball 1-0: Foul Ball, location: 2F 1-1: Foul Ball, location: 2F 1-2: Ball 2-2: Strikes out swinging
|
Top of the 9th over - 0 runs, 1 hit, 0 errors, 1 left on base; Atlanta (MID) 0 - Augusta 5 |
|